 Dungeon Crawl Stone Soup version 0.20.1-1-g8b1a95d (webtiles) character file.

166 Knicklaso the Skirmisher (level 5, -10/34 HPs)
             Began as a Tengu Fighter on July 18, 2017.
             Mangled by an orc warrior
             ... wielding a +0 long sword
              (18 damage)
             ... on level 4 of the Dungeon.
             The game lasted 00:07:33 (2559 turns).

Knicklaso the Skirmisher (Tengu Fighter)            Turns: 2559, Time: 00:07:35

Health: -10/34     AC:  6    Str: 17    XL:     5   Next: 47%
Magic:  6/6        EV:  7    Int:  8    God:
Gold:   48         SH:  9    Dex: 14    Spells: 4/4 levels left

rFire    . . .     SeeInvis .   g - +1 dagger (speed)
rCold    . . .     Gourm    .   c - +0 shield
rNeg     . . .     Faith    .   b - +0 scale mail
rPois    .         Spirit   .   (helmet restricted)
rElec    .         Reflect  .   (no cloak)
rCorr    .         Harm     .   (no gloves)
MR       .....                  (boots unavailable)
Stlth    ..........             (no amulet)
Regen    0.2/turn               (no ring)
MPRegen  0.1/turn               (no ring)

@: no status effects
A: beak, talons 3, able to fly 1
a: Fly


You were on level 4 of the Dungeon.
You were not hungry.

You visited 1 branch of the dungeon, and saw 4 of its levels.

You collected 48 gold pieces.

Inventory:

Hand Weapons
 a - a +0 long sword
 g - a +1 dagger of speed (weapon)
 x - a +0 dagger of venom
Missiles
 i - 2 javelins (quivered)
Armour
 b - a +0 scale mail (worn)
 c - a +0 shield (worn)
Jewellery
 s - an uncursed ring of see invisible {unknown}
 w - an uncursed ring of see invisible {unknown}
Scrolls
 j - 3 scrolls of teleportation {unknown}
 k - a scroll of amnesia {unknown}
 p - 2 scrolls of remove curse {unknown}
 q - 2 scrolls of identify {unknown}
 r - 3 scrolls of random uselessness {unknown}
 t - 2 scrolls of fog {unknown}
 u - a scroll of noise {unknown}
Potions
 d - a potion of might
 e - 2 potions of lignification {unknown}
 h - a potion of mutation {unknown}
 l - a potion of heal wounds {unknown}
 m - 2 potions of haste {unknown}
Comestibles
 f - 2 bread rations
 n - a royal jelly
 o - a meat ration
 v - a chunk of flesh


   Skills:
 + Level 4.7 Fighting
 + Level 4.4 Long Blades
 - Level 3.2 Armour
 - Level 3.0 Shields


You had 4 spell levels left.
You didn't know any spells.

Dungeon Overview and Level Annotations

Branches:
Dungeon (4/15)
 Temple: D:4-7

Altars:
Dithmenos
Vehumet


Innate Abilities, Weirdness & Mutations

You have a beak for a mouth.
You have claws for feet.
You can fly.


Message History

The orc wizard shouts!
The orc wizard casts a cantrip, but nothing happens.
The orc wizard mumbles some strange words.
The orc wizard seems to speed up.
You climb upwards.
There is a stone staircase leading down here.
You climb downwards.
The orc priest shouts!
The orc warrior hits you with a long sword!
Ouch! That really hurt!
* * * LOW HITPOINT WARNING * * *
The orc warrior hits you but does no damage.
There is a stone staircase leading up, spattered with blood here.
The orc wizard gestures wildly while chanting.
The orc wizard seems to speed up.
The orc priest looks braver for a moment.
The adder bites you but does no damage.
The orc warrior hits you with a long sword!!
Ouch! That really hurt!
You die...

## ..#
#..#
##...#
###....#
#o...#
#.@.#
#So##
#.o#
#.o#
#oo#
#.o#
#..#
#..#


You could see an orc warrior, 2 orc priests, 2 orc wizards, an adder and 2 orcs.

Vanquished Creatures
  Robin (D:2)
  6 adders
  6 worms
  2 dart slugs
  2 leopard geckos
  6 orcs (D:3)
  2 ball pythons
  7 bats
  15 goblins
  8 hobgoblins
  6 jackals (D:1)
  A frilled lizard (D:3)
  2 kobolds
  7 rats
71 creatures vanquished.

Notes
Turn   | Place    | Note
-------+----------+-------------------------------------------
     0 | D:1      | Knicklaso the Tengu Fighter began the quest for the Orb.
     0 | D:1      | Reached XP level 1. HP: 14/14 MP: 2/2
    43 | D:1      | Reached XP level 2. HP: 18/19 MP: 3/3
   518 | D:2      | Reached XP level 3. HP: 20/23 MP: 4/4
   596 | D:2      | Found a shadowy altar of Dithmenos.
  1083 | D:2      | Noticed Robin
  1096 | D:2      | Killed Robin
  1096 | D:2      | Reached XP level 4. HP: 17/29 MP: 5/5
  1798 | D:3      | Found a radiant altar of Vehumet.
  1817 | D:3      | Gained mutation: You can fly. [Tengu growth]
  1817 | D:3      | Reached XP level 5. HP: 25/34 MP: 6/6
  2480 | D:4      | Noticed an orc warrior
  2559 | D:4      | Mangled by an orc warrior

Skill      XL: |  1  2  3  4 |
---------------+-------------+-----
Long Blades    | 3 4 |  4.4
Fighting       | 4 |  4.7
Armour         | |  3.2
Shields        | |  3.0

Action                   |  1- 3 |  4- 6 || total
-------------------------+-------+-------++-------
Melee: Long sword        |    71 |    12 ||    83
       Kick              |    16 |    38 ||    54
       Peck              |    12 |    15 ||    27
       Dagger            |       |   113 ||   113
  Eat: Chunk             |     1 |     4 ||     5
Armor: Scale mail        |    29 |    37 ||    66
Dodge: Dodged            |    22 |    34 ||    56
Block: Shield            |    35 |    47 ||    82
       Rpst.: Long sword |     6 |     2 ||     8
